 Dungeon Crawl Stone Soup version 0.30-a0-737-gf23d94013f (webtiles) character file.

Game seed: 15466711987655578654

3927 browni3141 the Covert (level 10, -4/45 HPs)
             Began as a Felid Necromancer on Feb 3, 2023.
             Was an Elder of Ashenzari.
             Slain by a yak (15 damage)
             ... on level 10 of the Dungeon.
             The game lasted 00:49:38 (12750 turns).

browni3141 the Covert (Felid Necromancer)          Turns: 12750, Time: 00:49:39

Health: -4/45      AC:  2    Str:  4    XL:     10   Next: 1%
Magic:  13/18      EV: 25    Int: 21    God:    Ashenzari [****..]
Gold:   1601       SH:  0    Dex: 22    Spells: 2/19 levels left
                                        Lives:  0   Deaths: 3

rFire   . . .      SeeInvis +      - Unarmed
rCold   . . .      Faith    .    (shield unavailable)
rNeg    . . .      Spirit   .    (body armour unavailable)
rPois   .          Reflect  .    (helmet unavailable)
rElec   .          Harm     .    (cloak unavailable)
rCorr   .          Rampage  .    (gloves unavailable)
Will    +....      Clarity  +    (boots unavailable)
Stlth   +++++                    (no amulet)
HPRegen 0.27/turn                n - ring "Ruined Together" {rPois, Alch, Comp} (curse)
MPRegen 0.16/turn                p - ring of Ashenzari's Repose {Fly, Melee, Evo} (curse)

@: spider-form, animating dead, flying
A: venomous fangs, tiny, (claws 1), (fangs 3), see invisible, (speed 1), (shaggy
fur 2), (stealthy paws), no weapons or thrown items, no armour, multi-lived
a: End Transformation, Renounce Religion, Curse Item, Shatter the Chains


You were on level 10 of the Dungeon.
You worshipped Ashenzari.
Ashenzari was greatly pleased with you.
You were a venomous arachnid creature.
You visited 1 branch of the dungeon, and saw 10 of its levels.
You also visited: Ossuary and Bailey.

You collected 1601 gold pieces.

Inventory:

Jewellery
 n - the cursed ring "Ruined Together" (left front pincers) {rPois, Alch, Comp}
   (You found it on level 2 of the Dungeon)

   [ring of poison resistance]

   rPois:     It protects you from poison.
   It has a curse which improves the following skills: Alchemy: Poison Magic and
   Transmutations.
   Companions: Summonings and Necromancy.
 p - the cursed ring of Ashenzari's Repose (right front pincers) {Fly, Melee, Evo}
   (You found it on level 3 of the Dungeon)

   [ring of flight]

   Fly:       It grants you flight.
   It has a curse which improves the following skills: Melee Combat: Unarmed
   Combat.
   Evocations: Evocations.
 y - a ring of willpower
 A - a ring of fire
 D - a +5 ring of evasion
 F - a ring of magical power
Wands
 s - a wand of flame (27)
 B - a wand of mindburst (5)
Scrolls
 b - 2 scrolls of noise
 c - 10 scrolls of teleportation
 d - a scroll of brand weapon
 j - 2 scrolls of fear
 l - 13 scrolls of identify
 t - a scroll of blinking
 v - 2 scrolls of poison
 w - 3 scrolls of magic mapping
 z - 2 scrolls of fog
 C - 3 scrolls of amnesia
Potions
 a - 3 potions of magic
 e - 2 potions of cancellation
 f - 8 potions of curing
 g - 3 potions of mutation
 h - 3 potions of degeneration
 i - 3 potions of brilliance
 k - a potion of invisibility
 m - a potion of berserk rage
 o - 4 potions of heal wounds
 q - a potion of lignification
 r - a potion of haste
 u - 4 potions of attraction
 x - a potion of might
 E - 5 potions of flight


   Skills:
 - Level 6.0 Fighting
 - Level 6.0 Dodging
 - Level 10.0 Stealth
 - Level 4.2(6.0) Unarmed Combat
 * Level 5.0 Spellcasting
 - Level 7.9(10.0) Necromancy
 * Level 9.0(11.0) Transmutations
 - Level 8.0(10.0) Evocations


You had 2 spell levels left.
You knew the following spells:

 Your Spells              Type           Power      Damage    Failure   Level
a - Necrotise             Necr           100%       1d9       2%          1
b - Kiss of Death         Conj/Necr      100%       2d13      6%          1
c - Vampiric Draining     Necr           47%        2d9       3%          3
d - Animate Dead          Necr           47%        N/A       8%          4
e - Dispel Undead         Necr           47%        3d18      8%          4
f - Beastly Appendage     Tmut           100%       N/A       1%          1
g - Spider Form           Tmut/Pois      29%        N/A       11%         3

Your spell library contained the following spells:

 Spells                   Type           Power      Damage    Failure   Level
 Wereblood                Tmut           51%        N/A       2%          2
 Cigotuvi's Dreadful Rot  Necr/Pois/Air  38%        N/A       13%         2
 Summon Small Mammal      Summ           24%        N/A       24%         1
 Apportation              Tloc           10%        N/A       26%         1
 Agony                    Necr           47%        N/A       14%         5
 Ignite Poison            Fire/Tmut/Pois 21%        N/A       19%         3
 Ice Form                 Ice/Tmut       28%        N/A       26%         4
 Death Channel            Necr           23%        N/A       47%         6
 Confusing Touch          Hex            5%         N/A       54%         3
 Ozocubu's Armour         Ice            5%         N/A       54%         3
 Vhi's Electric Charge    Tloc/Air       10%        N/A       54%         3
 Arcjolt                  Conj/Air       2%         1d12      99%         5
 Starburst                Conj/Fire      2%         6d3       100%        6
 Ozocubu's Refrigeration  Ice            2%         4d8       100%        7
 Storm Form               Tmut/Air       14%        N/A       100%        7
 Maxwell's Capacitive Co  Air            2%         ∞         100%        8


Dungeon Overview and Level Annotations

Branches:
Dungeon (10/15)            Temple (0/1) D:7             Orc (0/2) D:9
Ossuary (visited)          Bailey (visited)
   Lair: D:8-11

Altars:
Ashenzari
Cheibriados
Fedhas
Gozag
Hepliaklqana
Nemelex Xobeh
Qazlal
Sif Muna
Uskayaw
Vehumet
Zin
The Shining One

Shops:
D:9 (

Annotations:
D:5 exclusion: orc priest
D:7 exclusions: 4 killer bees and sensed monster (detected)
D:9 Pikel


Innate Abilities, Weirdness & Mutations

You are a venomous arachnid creature.
You have venomous fangs.
You are tiny and dextrous.
Your spellcasting is less reliable in this form.
((You have sharp claws.))
((You have razor-sharp teeth.))
You have supernaturally acute eyesight. (SInv)
((You cover ground quickly. (Speed+)))
((You are covered in thick fur. (AC +2)))
((Your paws help you pounce on unaware monsters.))
You are incapable of wielding weapons or throwing items.
You cannot wear armour.
You gain extra lives every three experience levels.


Message History

You rejoin the land of the living...
Unknown command.
Unknown command.
Unknown command.
Unknown command.
Unknown command.
Unknown command.
Unknown command.
Things that are here:
a curare-tipped dart; a +0 short sword
There is a stone staircase leading down here.
You fly downwards.
The yak bellows! x3
There is a stone staircase leading up here.
Casting: Necrotise (safe; 1% risk of failure)
Confirm with . or Enter, or press ? or * to list all spells.
You turn into a venomous arachnid creature.
Casting: Spider Form (dangerous; 11% risk of failure)
Confirm with . or Enter, or press ? or * to list all spells.
The spell is quite dangerous to miscast (8% risk of failure)!
Continue anyway? [Y]es or [N]o only, please.
The spell is quite dangerous to miscast (8% risk of failure)!
Continue anyway?
You call upon the dead to rise.
You completely miss the yak. The yak misses you.
The yak attacks as you move away! The yak completely misses you.
The yak attacks as you move away! The yak gores you.
You hit the yak but do no damage.
The yak is poisoned.
The yak completely misses you. x2
You hit the yak but do no damage.
The yak is poisoned.
The yak misses you. The yak gores you.
You hit the yak.
The yak looks as sick as possible!
The yak is lightly wounded.
The yak gores you!
You bite the yak!
The yak looks as sick as possible!
The yak is heavily wounded.
The yak gores you!
* * * LOW HITPOINT WARNING * * *
The yak completely misses you. The yak gores you!
You die...

, , ,, ,** * ,*
** , ,,#,* , +,
#. , ,
#.######## , ,*
,##........#
,,* ,
#.........#
,,*,
,#......YY.# ,
, ,,
#......Ys.# , ,
#+###......####
,,...........#
, ...........#
**,...........#
,
*,.......<####
,*,........#
........# ,
........#


You could see 3 yaks.

Vanquished Creatures
  Erica (D:8)
  A boulder beetle (D:8)
  A two-headed ogre (D:9)
  The ghost of elongatedgoose the Fighter, a novice GrFi of Wu Jian (D:8)
  An orc knight (Bailey)
  A tengu conjurer (D:9)
  A troll (D:9)
  Grinder (D:6)
  Prince Ribbit (D:5)
  A shadow (D:9)
  2 wraiths
  2 vampires
  Grum (D:8)
  A yak (D:9)
  A vampire mosquito (D:8)
  2 water moccasins
  Duvessa (D:4)
  An ice beast (D:7)
  A black bear (D:6)
  12 orc warriors
  3 centaurs
  A wolf (D:8)
  4 ogres
  2 lemures (D:9)
  2 phantoms (D:5)
  6 kobold brigands
  A necrophage (D:7)
  3 bullfrogs
  A gnoll sergeant (D:9)
  3 scorpions
  5 wights
  7 howler monkeys (D:9)
  An orc priest (D:5)
  4 iguanas
  Crazy Yiuf (D:3)
  3 hounds
  4 orc wizards
  A mummy (Ossuary)
  Robin (D:3)
  5 gnolls
  4 adders
  A white imp (D:6)
  A worm (D:2)
  4 dart slugs
  25 orcs
  2 bats
  10 endoplasms
  A giant cockroach (D:2)
  10 hobgoblins
  4 jackals (D:4)
  5 quokkas
  A training dummy (D:4)
  5 ball pythons
  3 frilled lizards
  4 gnoll skeletons (Ossuary)
  23 goblins
  40 kobolds
  8 kobold skeletons (Ossuary)
  13 orc skeletons (Ossuary)
  6 rats
262 creatures vanquished.

Vanquished Creatures (collateral kills)
  A sky beast (D:7)
  A wolf (D:8)
  A phantom (D:4)
  Dowan (D:4)
  A howler monkey (D:9)
  An iguana (D:5)
  3 orcs
  2 hobgoblins
  A training dummy (D:4)
  A ball python (D:1)
  2 kobolds
15 creatures vanquished.

Vanquished Creatures (others)
  2 wolf zombies (D:8)
  A bullfrog zombie (D:7)
  A scorpion zombie (D:5)
  An ice beast zombie (D:7)
  3 howler monkey zombies (D:9)
  A gnoll zombie (Bailey)
  7 kobold zombies
  11 orc zombies
  A plant (D:7)
28 creatures vanquished.

Grand Total: 305 creatures vanquished

Notes
Turn   | Place    | Note
-------+----------+-------------------------------------------
     0 | D:1      | browni3141 the Felid Necromancer began the quest for the
                  | Orb.
     0 | D:1      | Reached XP level 1. HP: 7/7 MP: 4/4
   227 | D:1      | Reached skill level 3 in Stealth
   243 | D:1      | Reached XP level 2. HP: 7/11 MP: 0/6
  1108 | D:2      | Reached XP level 3. HP: 15/15 MP: 7/7
  2234 | D:3      | Learned a level 1 spell: Kiss of Death
  2238 | D:3      | Learned a level 3 spell: Vampiric Draining
  2304 | D:3      | Reached skill level 1 in Unarmed Combat
  2345 | D:3      | Noticed Robin
  2449 | D:3      | Reached XP level 4. HP: 17/18 MP: 4/8
  2578 | D:3      | Killed Robin
  2669 | D:3      | Got the Teachings on Reformation and Kindling
  2691 | D:3      | Reached skill level 1 in Fighting
  2794 | D:3      | Found a broken altar of Ashenzari.
  2809 | D:3      | Became a worshipper of Ashenzari the Shackled
  2997 | D:3      | Found a snail-covered altar of Cheibriados.
  3034 | D:3      | Found a runed translucent door.
  3035 | D:3      | Noticed Crazy Yiuf
  3218 | D:3      | Killed Crazy Yiuf
  3219 | D:3      | Reached skill level 5 in Necromancy
  3219 | D:3      | Reached XP level 5. HP: 22/22 MP: 5/10
  3489 | D:4      | Reached skill level 4 in Stealth
  3647 | D:4      | Learned a level 4 spell: Animate Dead
  3773 | D:4      | Noticed an ogre
  3774 | D:4      | Found a sparkling altar of Nemelex Xobeh.
  3777 | D:4      | Reached * piety under Ashenzari
  3777 | D:4      | Reached ** piety under Ashenzari
  3826 | D:4      | Killed an ogre
  3827 | D:4      | Gained mutation: You are covered in thick fur. (AC +2)
                  | [Felid growth]
  3827 | D:4      | Reached XP level 6. HP: 25/25 MP: 2/11
  4112 | D:4      | Found a hide-covered altar of Uskayaw.
  4253 | D:4      | Found a shimmering blue altar of Sif Muna.
  4832 | D:4      | Reached skill level 5 in Stealth
  4834 | D:4      | Noticed Duvessa
  4835 | D:4      | Noticed Dowan
  4874 | D:4      | Killed Duvessa
  4874 | D:4      | Killed Dowan
  4875 | D:4      | Reached XP level 7. HP: 23/28 MP: 1/13
  5086 | D:5      | Entered Level 5 of the Dungeon
  5086 | D:5      | Identified the +5 chain mail "Fisojet" {rElec Will+}
  5088 | D:5      | Found a blossoming altar of Fedhas.
  5088 | D:5      | Found a hazy altar of Hepliaklqana.
  5100 | D:4      | Learned a level 4 spell: Dispel Undead
  5215 | D:5      | Reached skill level 6 in Stealth
  5215 | D:5      | Reached skill level 1 in Transmutations
  5217 | D:5      | Learned a level 1 spell: Beastly Appendage
  5249 | D:5      | Noticed a wraith
  5253 | D:5      | Reached *** piety under Ashenzari
  5253 | D:5      | Reached **** piety under Ashenzari
  5265 | D:5      | Killed a wraith
  5297 | D:5      | Reached XP level 8. HP: 32/32 MP: 0/15
  5343 | D:5      | Noticed Prince Ribbit
  5364 | D:5      | Slain by Prince Ribbit
  5365 | D:5      | Reached XP level 7. HP: 0/29 MP: 7/14
  5386 | D:5      | Killed Prince Ribbit
  5395 | D:5      | Found a sand-covered staircase.
  5405 | Ossuary  | Entered an ossuary
  5405 | Ossuary  | Noticed a wraith
  5405 | Ossuary  | Noticed a wraith
  5405 | Ossuary  | Noticed a wraith
  5570 | Ossuary  | Noticed a wraith
  5586 | Ossuary  | Killed a wraith
  5839 | D:5      | Reached skill level 5 in Dodging
  5839 | D:5      | Reached skill level 5 in Spellcasting
  5839 | D:5      | Reached XP level 8. HP: 12/32 MP: 3/16
  6492 | D:6      | Reached skill level 7 in Stealth
  6567 | D:6      | Found a glowing golden altar of the Shining One.
  6746 | D:6      | Identified the +1 spear of Eternity {heavy, rElec Str+3}
  7022 | D:6      | Noticed Grinder
  7969 | D:6      | Killed Grinder
  8100 | D:7      | Reached XP level 9. HP: 23/35 MP: 2/17
  8251 | D:7      | Found a glowing silver altar of Zin.
  8284 | D:7      | Identified the +10 whip of the Shoals {flame, Fly rElec
                  | Stlth+}
  8286 | D:7      | Identified the +5 scimitar "Kuelowyd" {drain, *Noise Str+5}
  8291 | D:7      | Found a radiant altar of Vehumet.
  9019 | D:7      | Found a staircase to the Ecumenical Temple.
  9099 | D:7      | Found a stormy altar of Qazlal.
  9224 | D:8      | Noticed Grum
  9229 | D:8      | Slain by a wolf
  9230 | D:8      | Reached XP level 8. HP: -1/27 MP: 14/16
  9517 | D:8      | Reached skill level 5 in Fighting
  9732 | D:8      | Reached skill level 8 in Stealth
 10074 | D:8      | Reached skill level 5 in Evocations
 10129 | D:8      | Noticed Erica
 10180 | D:8      | Found a runed translucent door.
 10181 | D:8      | Noticed elongatedgoose's ghost (novice GrFi)
 10267 | D:8      | Killed Grum
 10268 | D:8      | Reached XP level 9. HP: 20/40 MP: 9/17
 10468 | D:8      | Killed Erica
 10613 | D:8      | Killed elongatedgoose's ghost
 10614 | D:8      | Reached skill level 9 in Stealth
 10743 | D:9      | Noticed a two-headed ogre
 10761 | D:9      | Found Ferienn's Antique Weapon Shoppe.
 10773 | D:9      | Killed a two-headed ogre
 10774 | D:9      | Reached skill level 5 in Transmutations
 10774 | D:9      | Reached XP level 10. HP: 45/45 MP: 18/18
 10888 | D:9      | Noticed Pikel
 10942 | D:9      | Found a flagged portal.
 10947 | Bailey   | Entered a bailey
 11410 | Bailey   | Reached skill level 10 in Stealth
 11481 | Bailey   | Noticed an orc knight
 11514 | Bailey   | Killed an orc knight
 11775 | D:9      | Noticed a boulder beetle
 11881 | D:9      | Identified the +10 longbow of Xiqac {elec, Int+5}
 11881 | D:9      | Identified the +0 plate armour of a Gauntlet {rPois Str+3}
 11922 | D:9      | Found a broken altar of Ashenzari.
 11923 | D:9      | Noticed a two-headed ogre
 12067 | D:9      | Noticed a centaur warrior
 12231 | D:8      | Killed a boulder beetle
 12417 | D:9      | Learned a level 3 spell: Spider Form
 12531 | D:9      | Found a staircase to the Orcish Mines.
 12572 | D:9      | Noticed a six-headed hydra
 12600 | D:9      | Reached XP level 11. HP: 47/48 MP: 10/19
 12601 | D:9      | Found an opulent altar of Gozag.
 12724 | D:9      | Slain by a slime creature
 12725 | D:9      | Reached XP level 10. HP: -4/45 MP: 15/18
 12737 | D:10     | Entered Level 10 of the Dungeon
 12750 | D:10     | Slain by a yak

Illustrated notes

Levels and vault maps discovered:
D:1:      dpeg_arrival_castle, layout_rooms, kennysheep_decorative_pillar
D:2:      layout_basic, roderic_cross_of_infinity
D:3:      layout_rooms, ashenzari_altar_1, mainiacjoe_overflow_small_starburst,
          uniq_crazy_yiuf_cottage, uniq_robin
D:4:      dreamdust_elfheim, layout_basic, mainiacjoe_overflow_catwalk,
          lemuel_blue_sif_altar, general_overflow_altar
D:5:      layout_basic, chequers_temple_overflow_statue_of_worship,
          nicolae_ossuary_entry_ruins, chequers_jeans, uniq_prince_ribbit1
D:6:      layout_basic, mainiacjoe_overflow_24_doors, minmay_holes,
          minmay_misc_feat_square, uniq_grinder
D:7:      corexii_shack_village, layout_cave_pools, pf_just_have_faith,
          mainiacjoe_overflow_brackets, nicolae_vehumet_altar_sigil,
          temple_doors_ab
D:8:      layout_rooms, ebering_ghost_inner_flame, minmay_misc_feat_ornament,
          kennysheep_nub, uniq_grum, uniq_erica
D:9:      hangedman_cross_cluster, layout_rooms, marbit_many_paths,
          serial_shops, nicolae_shop_competitors_out_of_business,
          enter_bailey_3, uniq_pikel
D:10:     layout_irregular_city, nicolae_wu_jian_wuxing_cycle

Skill      XL: |  1  2  3  4  5  6  7  8  9 10 |
---------------+-------------------------------+-----
Stealth        | 3 4 5 6 8 9 10 | 10.0
Dodging        | 3 4 5 6 |  6.0
Unarmed Combat | 1 2 3 4 |  4.2
Fighting       | 1 3 5 6 |  6.0
Necromancy     | 5 6 7 |  7.9
Spellcasting   | 3 5 |  5.0
Transmutations | 2 4 5 9 |  9.0
Evocations     | 2 5 7 8 |  8.0

Action                     |  1- 3 |  4- 6 |  7- 9 | 10-12 || total
---------------------------+-------+-------+-------+-------++-------
  Melee: Unarmed           |    25 |    25 |   187 |   146 ||   383
         Bite              |     2 |     3 |    14 |    14 ||    33
         Punch             |       |       |     7 |     5 ||    12
         Headbutt          |       |       |     5 |     4 ||     9
   Cast: Necrotise         |    88 |    89 |    95 |   118 ||   390
         Kiss of Death     |       |     2 |     9 |     2 ||    13
         Animate Dead      |       |     1 |     7 |     6 ||    14
         Vampiric Draining |       |     1 |    16 |     4 ||    21
         Dispel Undead     |       |       |    16 |     4 ||    20
         Beastly Appendage |       |       |     3 |     2 ||     5
         Spider Form       |       |       |       |     3 ||     3
 Invoke: Curse Item        |       |     1 |     1 |       ||     2
  Evoke: Wand              |       |     2 |    21 |    10 ||    33
    Use: Potion            |       |       |     1 |     3 ||     4
         Scroll            |       |       |       |     1 ||     1
   Stab: Sleeping          |     4 |     4 |    16 |       ||    24
         Distracted        |       |       |     1 |     4 ||     5
         Invisible         |       |       |     1 |     1 ||     2
 Armour: Skin              |     2 |     5 |    13 |     9 ||    29
  Dodge: Dodged            |    32 |    32 |   214 |   156 ||   434

Table legend: (Time is in decaauts)
 A = Elapsed time spent in this place.
 B = Non-inter-level travel time spent in this place.
 C = Inter-level travel time spent in this place.
 D = Time resting spent in this place.
 E = Time spent auto-exploring this place.
 F = Levels seen in this place.
 G = Mean time per level.
                   A        B        C        D        E       F      G
               +--------+--------+--------+--------+--------+-----+--------+
         Total |  11308 |  10888 |    420 |   1629 |   6351 |  12 |  942.3 |
       Dungeon |  10398 |   9978 |    420 |   1518 |   5986 |  10 | 1039.8 |
       Ossuary |    265 |    265 |      0 |     14 |     76 |   1 |  265.0 |
        Bailey |    644 |    644 |      0 |     97 |    289 |   1 |  644.0 |
               +--------+--------+--------+--------+--------+-----+--------+

Top non-repeatable levels by time:
     D:4: 1562 daAuts
     D:8: 1557 daAuts
     D:6: 1462 daAuts
     D:7: 1030 daAuts
     D:3: 1027 daAuts
     D:9: 997 daAuts
     D:2: 978 daAuts
     D:1: 942 daAuts
     D:5: 827 daAuts
  Bailey: 644 daAuts
 Ossuary: 265 daAuts
    D:10: 12 daAuts
